details: 'LEVEL 30'

« prev index next »

General information

Mini Map

Players

team 1
Random» NightElfiggy_the_fisk (pink | 105 APM | 3210 actions | 30:37)
Hero icon 6 Demon Hunter
Ability icon 3 Mana Burn
Ability icon 2 Evasion
Ability icon 1 Metamorphosis

» actions
Assign group hotkey154
Basic commands40
Build / train97
Enter build submenu16
Enter hero's abilities submenu6
Give item / drop item2
Remove unit from queue8
Right click1804
Select / deselect542
Select group hotkey398
Use ability143
3210 total
» units
Wisp20
Huntress5
Dryad26
Druid of the Claw7
58 total
» upgrades
Druid of the Claw Training2
Abolish Magic1
Strength of the Wild3
Mark of the Claw1
Reinforced Hides2
9 total
» buildings
Altar of Elders1
Moon Well6
Ancient of War1
Hunter's Hall1
Tree of Ages2
Ancient of Lore2
Tree of Eternity1
Ancient of Wonders1
Tree of Life1
16 total
» build order
00:06 Altar of Elders
00:19 Moon Well
01:42 Ancient of War
01:46 Hunter's Hall
02:30 Tree of Ages
03:14 Moon Well
04:00 Moon Well
04:59 Ancient of Lore
05:19 Tree of Eternity
05:20 Ancient of Wonders
07:56 Ancient of Lore
08:11 Moon Well
11:26 Moon Well
12:25 Moon Well
20:04 Tree of Life
» items
Staff of Preservation1
Scroll of Town Portal5
Potion of Healing3
Potion of Lesser Invulnerability1
Orb of Venom1
11 total
Random» Humantimg4strok (red | 126 APM | 3852 actions | 30:38)
Hero icon 8 Archmage
Ability icon 3 Summon Water Elemental
Ability icon 3 Brilliance Aura
Ability icon 1 Mass Teleport
Ability icon 1 Blizzard
Hero icon 7 Mountain King
Ability icon 3 Storm Bolt
Ability icon 3 Bash
Ability icon 1 Avatar

» actions
Assign group hotkey41
Basic commands203
Build / train93
ESC pressed3
Enter build submenu18
Enter hero's abilities submenu16
Give item / drop item3
Right click1581
Select / deselect527
Select group hotkey1204
Use ability163
3852 total
» units
Peasant14
Footman8
Sorceress4
Priest4
Spell Breaker15
45 total
» upgrades
Defend1
Sorceress Training2
Priest Training2
Control Magic1
Plating1
Swords1
Masonry1
Magic Sentry1
10 total
» buildings
Altar of Kings1
Barracks1
Farm8
Scout Tower1
Arcane Tower1
Keep1
Arcane Vault1
Arcane Sanctum2
Castle1
Town Hall2
Blacksmith1
Lumber Mill1
21 total
» build order
00:06 Altar of Kings
00:09 Barracks
00:39 Farm
00:47 Farm
01:29 Farm
01:43 Scout Tower
02:11 Arcane Tower
03:19 Keep
03:59 Arcane Vault
04:03 Farm
05:49 Arcane Sanctum
05:49 Arcane Sanctum
05:58 Farm
08:44 Castle
09:31 Farm
09:31 Farm
11:12 Farm
14:09 Town Hall
16:51 Blacksmith
19:51 Lumber Mill
25:34 Town Hall
» items
Scroll of Regeneration3
Scroll of Town Portal5
Staff of Sanctuary1
Orb of Fire1
Potion of Healing2
Potion of Lesser Invulnerability1
Scroll of Healing1
14 total
team 2
UndeadITH.LiCh-JaH. (purple | 77 APM | 2351 actions | 30:36)
Hero icon 6 Death Knight
Ability icon 2 Unholy Aura
Ability icon 3 Death Coil
Ability icon 1 Animate Dead
Hero icon 5 Lich
Ability icon 3 Frost Nova
Ability icon 2 Dark Ritual

» actions
Assign group hotkey63
Basic commands58
Build / train81
Enter build submenu15
Enter hero's abilities submenu11
Give item / drop item2
Right click975
Select / deselect367
Select group hotkey521
Use ability258
2351 total
» units
Acolyte10
Ghoul1
Crypt Fiend16
Obsidian Statue12
39 total
» upgrades
Creature Attack2
Destroyer Form1
3 total
» buildings
Graveyard1
Crypt1
Altar of Darkness1
Ziggurat6
Tomb of Relics1
Halls of the Dead2
Black Citadel1
Slaughterhouse2
Necropolis1
16 total
» build order
00:11 Graveyard
00:23 Crypt
00:35 Altar of Darkness
00:51 Ziggurat
01:06 Tomb of Relics
02:08 Ziggurat
04:27 Ziggurat
04:29 Halls of the Dead
04:29 Halls of the Dead
05:18 Ziggurat
07:19 Black Citadel
07:44 Slaughterhouse
07:50 Ziggurat
10:49 Slaughterhouse
14:29 Ziggurat
22:23 Necropolis
» items
Rod of Necromancy9
Dust of Appearance1
Scroll of Town Portal4
Lesser Clarity Potion1
Healing Salve2
Orb of Corruption1
18 total
Random» OrcITH.mAChOElfA (orange | 100 APM | 3057 actions | 30:36)
Hero icon 5 Far Seer
Ability icon 3 Feral Spirit
Ability icon 2 Chain Lighting
Hero icon 5 Shadow Hunter
Ability icon 2 Hex
Ability icon 3 Healing Wave

» actions
Assign group hotkey163
Basic commands15
Build / train85
ESC pressed1
Enter build submenu18
Enter hero's abilities submenu10
Give item / drop item2
Right click1207
Select / deselect814
Select group hotkey563
Use ability179
3057 total
» units
Peon18
Grunt5
Raider15
Demolisher4
Spirit Walker7
Kodo Beast1
Troll Headhunter/Berserker2
52 total
» upgrades
Ensnare1
Spirit Walker Training1
2 total
» buildings
Altar of Storms1
Orc Burrow6
Barracks1
Stronghold2
War Mill1
Voodoo Lounge1
Beastiary2
Spirit Lodge1
Great Hall1
Watch Tower1
17 total
» build order
00:08 Altar of Storms
00:20 Orc Burrow
00:50 Barracks
01:41 Orc Burrow
03:08 Stronghold
03:08 Stronghold
04:16 War Mill
04:29 Voodoo Lounge
05:08 Orc Burrow
05:39 Orc Burrow
06:16 Beastiary
06:18 Beastiary
07:24 Spirit Lodge
09:13 Orc Burrow
09:52 Orc Burrow
19:49 Great Hall
21:19 Watch Tower
» items
Healing Salve3
Scroll of Healing1
Scroll of Protection1
Scroll of Town Portal5
Lesser Clarity Potion4
14 total